Map: Ruby Rock LE

Players

Krystianer

  • Race: Protoss Protoss
  • League: Grandmaster
  • Spawn Location: 11:00

LiquidClem (Clem) - Winner!

  • Race: Terran Terran
  • League: Grandmaster
  • Spawn Location: 5:00

VOD

Have the link to the VOD?

Description

11 marine 1 cylone 1 medivac move cancels the third base.

Time

  • Played on: Jan. 31, 2026, 6:27 a.m.
  • Length: 8:25
Show
View Real Time Build Order
Export as new Build Order

Krystianer Protoss 

Build Orders: 1 Gate Expand, Blink Stalkers 

Get SALT Encoding   

  12  0:00  Probe  
  13  0:12  Probe  
  14  0:18  Pylon  
  14  0:23  Probe  
  15  0:32  Probe  
  15  0:36  Gateway  
  15  0:40  Probe  
  16  0:46  Assimilator  
  17  0:52  Probe  
  18  1:04  Probe  
  19  1:16  Probe  
  20  1:21  Nexus  
  20  1:31  Cybernetics Core  
  20  1:34  Probe  
  20  1:38  Assimilator  
  21  1:46  Probe  
  22  1:49  Pylon  
  22  1:57  Adept  
  22  1:58  Probe  
  23  2:07  Warp Gate  
  25  2:10  Probe  
  26  2:18  Twilight Council  
  26  2:22  Probe  
  27  2:25  Stalker  
  27  2:29  Probe  
  29  2:30  Probe  
  29  2:35  Blink  
  31  2:37  Probe  
  31  2:38  Probe  
  33  2:47  Probe  
  33  2:48  Probe  
  35  2:59  Probe  
  35  3:00  Probe  
  35  3:02  Stalker  
  39  3:11  Probe  
  40  3:13  Probe  
  40  3:18  Gateway  
  40  3:19  Gateway  
  41  3:23  Probe  
  42  3:28  Robotics Facility  
  42  3:32  Probe  
  43  3:36  Probe  
  43  3:37  Pylon  
  44  3:47  Probe  
  44  3:48  Shield Battery  
  44  3:50  Probe  
  45  3:59  Probe  
  45  4:03  Stalker  
  45  4:04  Probe  
  45  4:09  Observer  
  48  4:10  Nexus  
  48  4:11  Probe  
  48  4:14  Pylon  
  50  4:17  Probe  
  50  4:18  Assimilator  
  50  4:20  Assimilator  
  51  4:24  Probe  
  51  4:25  Stalker  
  51  4:30  Observer  
  54  4:32  Probe, Stalker x2  
  54  4:34  Pylon  
  58  4:45  Nexus  
  58  4:46  Pylon  
  58  4:52  Probe  
  59  4:57  Stalker  
  59  4:58  Probe  
  62  5:02  Pylon  
  62  5:04  Probe  
  62  5:06  Stalker x2  
  67  5:10  Pylon, Probe  
  68  5:14  Charge  
  68  5:16  Probe  
  69  5:22  Probe  
  69  5:26  Stalker  
  72  5:29  Probe  
  72  5:30  Stalker x2  
  73  5:38  Probe  
  73  5:40  Probe  
  73  5:41  Robotics Bay  
  74  5:48  Probe  
  74  5:50  Probe  
  74  5:54  Probe  
  74  5:56  Probe, Gateway  
  76  5:57  Gateway  
  76  5:58  Probe  
  76  5:59  Gateway  
  79  6:04  Probe  
  79  6:07  Probe  
  81  6:11  Colossus  
  81  6:12  Probe  
  81  6:14  Probe, Gateway  
  81  6:18  Sentry  
  84  6:19  Gateway  
  84  6:21  Pylon, Probe  
  85  6:27  Pylon  
  91  6:35  Zealot x2  
  95  6:40  Pylon  
  89  6:47  Stalker  
  89  6:52  Probe  
  90  6:55  Stalker x2  
  90  6:56  Zealot x2  
  98  7:01  Zealot  
  94  7:10  Zealot  
  94  7:12  Zealot  
  94  7:15  Zealot  
  80  7:18  Zealot x2  
  80  7:21  Zealot x2  
  75  7:24  Zealot  
  75  7:25  Probe x3  
  76  7:31  Zealot  
  76  7:37  Stalker x2, Probe x3  
  82  7:40  Stalker  
  82  7:42  Zealot  
  89  7:47  Pylon  
  89  7:51  Pylon  
  89  7:52  Probe  
  89  7:55  Probe  
  90  7:59  Probe  
  90  8:05  Stalker, Zealot x3  
  84  8:14  Pylon  
Show
View Real Time Build Order
Export as new Build Order

LiquidClem Terran - Winner!

Build Orders:  

Get SALT Encoding   

  12  0:00  SCV  
  13  0:12  SCV  
  14  0:16  Supply Depot  
  14  0:24  SCV  
  15  0:38  SCV  
  15  0:40  Barracks  
  15  0:42  Refinery  
  16  0:50  SCV  
  17  1:02  SCV  
  18  1:14  SCV  
  19  1:26  Marine  
  19  1:27  Orbital Command  
  20  1:38  Command Center  
  20  1:44  Barracks Reactor  
  20  1:50  Supply Depot  
  21  1:54  SCV  
  21  2:06  SCV  
  22  2:08  Factory  
  22  2:15  Refinery  
  22  2:18  SCV  
  22  2:20  Marine x2  
  25  2:30  SCV  
  26  2:38  Marine x2  
  26  2:42  SCV  
  29  2:50  Orbital Command  
  29  2:52  Starport  
  29  2:54  Hellion  
  29  2:56  SCV  
  32  2:59  Marine  
  32  3:02  Marine  
  34  3:08  SCV  
  34  3:11  Supply Depot  
  35  3:15  SCV  
  35  3:16  Factory Tech Lab  
  36  3:21  SCV, Marine  
  36  3:22  Marine  
  39  3:28  Medivac  
  39  3:31  SCV  
  45  3:34  Cyclone  
  45  3:36  SCV  
  45  3:41  Marine x2  
  48  3:43  SCV  
  48  3:45  Supply Depot  
  49  3:48  SCV  
  49  3:55  Barracks, SCV  
  51  4:01  Liberator  
  51  4:02  Marine  
  52  4:04  SCV  
  52  4:09  Siege Tank  
  57  4:11  SCV  
  57  4:15  Supply Depot  
  57  4:16  SCV  
  59  4:18  Marine  
  59  4:20  Marine  
  59  4:23  SCV  
  62  4:31  Supply Depot  
  62  4:36  Marine, SCV x2  
  65  4:39  Barracks  
  65  4:40  Marine  
  64  4:48  SCV x2  
  64  4:52  Engineering Bay, Stimpack, Marine  
  66  4:53  Refinery  
  66  4:55  Starport Reactor  
  65  5:00  SCV x2  
  65  5:01  Supply Depot  
  65  5:03  Factory Tech Lab, Refinery, Marine  
  65  5:04  Marine  
  69  5:11  Bunker  
  69  5:13  SCV x2  
  71  5:15  Supply Depot  
  71  5:18  Marauder  
  73  5:21  Marine  
  73  5:25  SCV x2  
  74  5:29  Supply Depot  
  74  5:31  Marine  
  74  5:33  Marauder  
  77  5:36  Factory Reactor  
  77  5:37  SCV  
  77  5:38  Combat Shield  
  77  5:39  Terran Infantry Weapons Level 1  
  77  5:41  Marine  
  76  5:44  Marauder  
  76  5:48  Medivac  
  80  5:52  Medivac  
  80  5:54  SCV  
  80  5:56  Marine  
  84  5:57  Supply Depot  
  84  5:59  Marine  
  84  6:00  Marauder  
  87  6:05  Supply Depot  
  87  6:06  Marauder  
  89  6:15  Widow Mine x2  
  89  6:18  Marine x2  
  95  6:21  Supply Depot  
  95  6:22  Marauder  
  97  6:27  Marauder  
  97  6:32  Concussive Shells  
  100  6:36  Marine  
  100  6:37  Marine  
  100  6:38  Medivac  
  102  6:46  Widow Mine x2  
  106  6:50  Marauder, Command Center  
  109  6:54  Marauder  
  109  6:55  Supply Depot  
  109  6:57  Medivac  
  109  6:58  Marine  
  109  6:59  Marine  
  108  7:08  Medivac  
  108  7:11  Marauder  
  105  7:15  Marauder  
  105  7:18  Marine x2, Widow Mine x2  
  104  7:26  Barracks  
  104  7:27  Barracks  
  104  7:35  Marauder  
  104  7:36  Viking  
  104  7:38  Marauder  
  104  7:41  Supply Depot  
  104  7:42  Marine x2  
  104  7:43  SCV  
  103  7:52  Widow Mine x2, Viking  
  103  7:56  Marauder  
  111  7:59  Marauder  
  111  8:03  SCV  
  109  8:06  Marine x2  
  104  8:17  Barracks Tech Lab, Barracks Reactor  
Tags
 
Add a new tag
Caveats
  • Supply blocks, unpowered buildings, or Contaminate may cause inaccurate times.
  • Supply counts are checked every 10 seconds.